 Dungeon Crawl Stone Soup version 0.31-a0-214-gb37851dbb3 (webtiles) character file.

Game seed: 13205268756563634582

110 qw the Shooter (level 4, -17/36 HPs)
             Began as a Minotaur Hexslinger on July 1, 2023.
             Demolished by an ogre
             ... wielding a +0 giant spiked club
              (23 damage)
             ... on level 3 of the Dungeon.
             The game lasted 00:00:44 (1839 turns).

qw the Shooter (Minotaur Hexslinger)                Turns: 1839, Time: 00:00:45

Health: -17/36     AC:  3    Str: 12    XL:     4   Next: 61%
Magic:  4/4        EV: 12    Int: 10    God:
Gold:   129        SH:  0    Dex: 15    Spells: 4/5 levels left

rFire   . . .        Y - +1 sling
rCold   . . .        (no shield)
rNeg    . . .        d - +0 leather armour
rPois   .            (helmet restricted)
rElec   .            (no cloak)
rCorr   .            (no gloves)
SInv    .            (no boots)
Will    .....        (no amulet)
Stlth   +            (no ring)
HPRegen 0.26/turn    (no ring)
MPRegen 0.09/turn

%: no passive effects
@: no status effects
A: horns 2, retaliatory headbutt, mutation resistance 1
a: no special abilities


You were on level 3 of the Dungeon.
You visited 1 branch of the dungeon, and saw 3 of its levels.

You collected 129 gold pieces.


Innate Abilities, Weirdness & Mutations

You have a pair of horns on your head.
You reflexively headbutt those who attack you in melee.
You are somewhat resistant to further mutation.


   Skills:
 + Level 2.0 Fighting
 - Level 5.2 Ranged Weapons
 - Level 2.1 Dodging
 - Level 1.0 Spellcasting
 - Level 2.0 Hexes


You had 4 spell levels left.
You knew the following spells:

 Your Spells              Type           Power      Damage    Failure   Level
a - Slow                  Hex            16%        N/A       19%         1

Your spell library contained the following spells:

 Spells                   Type           Power      Damage    Failure   Level
 Inner Flame              Hex/Fire       2%         N/A       65%         3
 Portal Projectile        Hex/Tloc       4%         N/A       65%         3
 Cause Fear               Hex            2%         N/A       88%         4

Inventory:

Hand Weapons
 Y - a +1 sling (weapon)
Armour
 d - a +0 leather armour (worn)
Scrolls
 a - 2 scrolls of identify
Potions
 b - a potion of curing
 e - a potion of mutation
 g - a potion of enlightenment
 i - a potion of might
 j - 2 potions of haste
 k - a potion of heal wounds {unknown}

Dungeon Overview and Level Annotations

Branches:
Dungeon (3/15)

Altars:


Message History

Natasha mumbles some strange words.
You shoot a sling bullet. The sling bullet hits Natasha.
You kill Natasha!
Natasha yowls pathetically as she dies!
The cerulean imp disappears in a puff of smoke!
Your Ranged Weapons skill increases to level 5!
You start resting.
HP restored.
You now have 129 gold pieces (gained 10).
An ogre comes into view. It is wielding a +0 giant spiked club.
The ogre moves out of view.
Enter note:
Enter note: You shoot a sling bullet.
The sling bullet hits the ogre.
The ogre is lightly wounded.
You shoot a sling bullet.
The sling bullet closely misses the ogre.
The ogre hits you with a +0 giant spiked club!
You shoot a sling bullet.
The sling bullet barely misses the ogre.
You shoot a sling bullet. The sling bullet hits the ogre.
The ogre is moderately wounded.
The ogre hits you with a +0 giant spiked club!
You shoot a sling bullet. The sling bullet hits the ogre.
The ogre is moderately wounded.
The ogre barely misses you.
You shoot a sling bullet. The sling bullet hits the ogre.
The ogre is heavily wounded.
The ogre misses you.
You shoot a sling bullet. The sling bullet hits the ogre.
The ogre is severely wounded.
The ogre barely misses you.
You shoot a sling bullet. The sling bullet hits the ogre.
The ogre is severely wounded.
You shoot a sling bullet.
The sling bullet hits the ogre but does no damage.
The ogre is severely wounded.
The ogre hits you with a +0 giant spiked club!!
Ouch! That really hurt!
You die...

### ..# #.# #.#### ##
.....# .# #.##.# ###
.##### #.##.# #. ...
..... ..##.# #..##.##..#
####.# #.....O@..# ##..#
#...###...# #...# ##..
#.#.# ##.## #..###.#.#
#.# #........# ##.#
####.##### ##..# #.#.##
#...##########....####..
.....................'..


You could see an ogre.

Vanquished Creatures
  Natasha (twice) (D:3)
  2 worms (D:2)
  4 ball pythons
  8 bats
  6 endoplasms
  A giant cockroach (D:2)
  3 goblins
  8 hobgoblins
  3 jackals (D:2)
  4 kobolds
  3 quokkas
  3 frilled lizards
  3 rats (D:1)
50 creatures vanquished.

Notes
Turn   | Place    | Note
-------+----------+-------------------------------------------
     0 | D:1      | qw the Minotaur Hexslinger began the quest for the Orb.
     0 | D:1      | Reached XP level 1. HP: 16/16 MP: 1/1
     0 | D:1      | 0 ||| qw: Version: 0.3-a-32-g5962c71
     0 | D:1      | 0 ||| qw: Game counter: 7466
     0 | D:1      | 0 ||| qw: Melee chars always use a shield: true
     0 | D:1      | 0 ||| qw: God list: Okawaru
     0 | D:1      | 0 ||| qw: Allow faded altars: false
     0 | D:1      | 0 ||| qw: Do Orc after clearing Dungeon:15 true
     0 | D:1      | 0 ||| qw: Do second Lair branch before Depths: true
     0 | D:1      | 0 ||| qw: Lair rune preference: random
     0 | D:1      | 0 ||| qw: Goals: Normal
     0 | D:1      | 0 ||| PLANNING D:1-11
   169 | D:1      | Reached skill level 3 in Ranged Weapons
   178 | D:1      | Reached XP level 2. HP: 20/23 MP: 2/2
   719 | D:1      | 719 ||| READING 3 scrolls labelled KELLYD JUNUA.
   720 | D:1      | 720 ||| READING scroll labelled ZAEZAI BAC RUCW.
   721 | D:1      | 721 ||| READING 4 scrolls labelled TITUOPA ISOEBB.
   722 | D:1      | 722 ||| READING scroll labelled ROSAESOITO.
   723 | D:1      | 723 ||| DRINKING 2 fizzy orange potions.
   723 | D:1      | Gained mutation: You are somewhat resistant to further
                  | mutation. [potion of mutation]
   724 | D:1      | 724 ||| DRINKING 2 viscous green potions.
   725 | D:1      | 725 ||| READING 2 scrolls of identify.
   725 | D:1      | 725 ||| IDENTIFYING murky silvery potion
   726 | D:1      | 726 ||| DROPPING scroll of poison.
   727 | D:1      | 727 ||| DROPPING 3 scrolls of immolation.
   847 | D:2      | Reached XP level 3. HP: 29/29 MP: 3/3
  1232 | D:2      | Reached skill level 4 in Ranged Weapons
  1258 | D:2      | Found a faded altar of an unknown god.
  1578 | D:2      | 1578 ||| UPGRADING to +0 leather armour.
  1588 | D:2      | 1588 ||| DROPPING +0 robe.
  1589 | D:2      | 1589 ||| READING scroll labelled OMOGRO EZAIM.
  1590 | D:2      | 1590 ||| DRINKING 2 golden potions.
  1591 | D:2      | 1591 ||| READING 3 scrolls of identify.
  1591 | D:2      | 1591 ||| IDENTIFYING bubbling coppery potion
  1592 | D:2      | 1592 ||| READING 2 scrolls of identify.
  1592 | D:2      | 1592 ||| IDENTIFYING puce potion
  1593 | D:2      | 1593 ||| DROPPING potion of magic.
  1743 | D:3      | Noticed Natasha
  1746 | D:3      | Killed Natasha
  1747 | D:3      | Reached XP level 4. HP: 36/36 MP: 4/4
  1770 | D:3      | Noticed Natasha
  1773 | D:3      | 1773 ||| FLEEEEING.
  1783 | D:3      | Killed Natasha
  1784 | D:3      | Reached skill level 5 in Ranged Weapons
  1829 | D:3      | Noticed an ogre
  1834 | D:3      | HP: 4/36 [ogre/+0 giant spiked club (17)]
  1839 | D:3      | Demolished by an ogre

Levels and vault maps discovered:
D:1:      nicolae_arrival_washed_ashore, layout_loops_cross, minmay_box_of_dots
D:2:      layout_basic, ebering_ecumenical_altar_rust
D:3:      layout_loops_corners, cheibrodos_worm_habitat, uniq_natasha

Skill      XL: |  1  2  3  4 |
---------------+-------------+-----
Ranged Weapons | 3 4 5 |  5.2
Fighting       | 2 |  2.0
Dodging        | |  2.1
Spellcasting   | |  1.0
Hexes          | |  2.0

Action                     |  1- 3 |  4- 6 || total
---------------------------+-------+-------++-------
   Fire: Sling             |   142 |    21 ||   163
    Use: Scroll            |     8 |       ||     8
         Potion            |     3 |       ||     3
 Armour: Robe              |     5 |       ||     5
         Leather armour    |     1 |     1 ||     2
  Dodge: Dodged            |    35 |     6 ||    41

Table legend:
 A = Non-vault XP
 B = Vault XP
 C = Vault XP percentage of total XP
 D = Non-vault monster count
 E = Vault monster count
 F = Vault count percentage of total count
                 A         B        C        D         E       F
            +---------+---------+-------+---------+---------+-------
      Total |     117 |      41 |  25.9 |      45 |       5 |  10.0
            +---------+---------+-------+---------+---------+-------
        D:1 |      27 |       6 |  18.2 |      16 |       4 |  20.0
        D:2 |      48 |       0 |   0.0 |      24 |       0 |   0.0
        D:3 |      42 |      35 |  45.5 |       5 |       1 |  16.7
            +---------+---------+-------+---------+---------+-------
